 Dungeon Crawl Stone Soup version 0.30-a0-465-g8901f6c8b5 (webtiles) character file.

Game seed: 14998002209342531473

41 experimilk the Conjurer (level 3, -3/26 HPs)
             Began as a Draconian Conjurer on Dec 18, 2022.
             Slain by a phantom (7 damage)
             ... on level 2 of the Dungeon.
             The game lasted 00:02:24 (1720 turns).

experimilk the Conjurer (Draconian Conjurer)        Turns: 1720, Time: 00:02:25

Health: -3/26      AC:  5    Str:  9    XL:     3   Next: 32%
Magic:  2/6        EV: 12    Int: 20    God:
Gold:   71         SH:  0    Dex:  9    Spells: 3/6 levels left

rFire   . . .      SeeInvis .    b - +0 dagger
rCold   . . .      Faith    .    (no shield)
rNeg    . . .      Spirit   .    (body armour unavailable)
rPois   .          Reflect  .    (helmet restricted)
rElec   .          Harm     .    (no cloak)
rCorr   .          Rampage  .    (no gloves)
Will    .....                    (no boots)
Stlth   +.........               (no amulet)
HPRegen 0.24/turn                (no ring)
MPRegen 0.10/turn                (no ring)

@: silenced
A: AC +5, unfitting armour, cold-blooded
a: no special abilities


You were on level 2 of the Dungeon.
You visited 1 branch of the dungeon, and saw 2 of its levels.

You collected 71 gold pieces.

Inventory:

Hand Weapons
 b - a +0 dagger (weapon)
Magical Staves
 l - a staff of poison
Scrolls
 e - a scroll of magic mapping
 k - a scroll of vulnerability {unknown}
 m - a scroll of poison {unknown}
 n - a scroll of torment {unknown}
 o - a scroll of brand weapon {unknown}
 p - a scroll of enchant armour {unknown}
Potions
 c - a potion of brilliance {unknown}
 g - a potion of degeneration {unknown}
 h - a potion of heal wounds {unknown}
 i - a potion of curing {unknown}


   Skills:
 - Level 1.7 Dodging
 - Level 1.7 Stealth
 - Level 2.0 Spellcasting
 * Level 5.2 Conjurations


You had 3 spell levels left.
You knew the following spells:

 Your Spells              Type           Power      Damage    Failure   Level
a - Magic Dart            Conj           88%        1d7       1%          1
z - Searing Ray           Conj           44%        2d6       2%          2

Your spell library contained the following spells:

 Spells                   Type           Power      Damage    Failure   Level
 Sting                    Tmut/Pois      8%         1d3       16%         1
 Dazzling Flash           Conj/Hex       24%        N/A       16%         3
 Poisonous Vapours        Pois/Air       4%         N/A       24%         2
 Fulminant Prism          Conj/Hex       6%         3d7       47%         4
 Iskenderun's Mystic Bla  Conj/Tloc      12%        2d5       47%         4
 Olgreb's Toxic Radiance  Pois           2%         N/A       83%         4


Dungeon Overview and Level Annotations

Branches:
Dungeon (2/15)

Altars:


Innate Abilities, Weirdness & Mutations

Your plain brown scales are hard. (AC +5)
You cannot fit into any form of body armour.
You are cold-blooded and may be slowed by cold attacks.


Message History

The hobgoblin hits you. Magic courses through your body.
The hobgoblin hits you.
Casting: Magic Dart (safe; 1% risk of failure)
Confirm with . or Enter, or press ? or * to list all spells.
Aiming: Searing Ray (safe; 2% risk of failure)
Press: ? - help, Shift-Dir - straight line, f - phantom, p - hobgoblin
Aim: a phantom (69% to hit)
The searing ray misses the hobgoblin.
The searing ray hits the phantom.
The phantom is lightly damaged. (Press . to maintain the ray.)
The worm barely misses you. The hobgoblin completely misses you.
Your magical contamination has completely faded away.
The searing ray hits the hobgoblin!
You kill the hobgoblin!
The searing ray hits the phantom!
The phantom is heavily damaged.
The worm bites you.
The searing ray misses the phantom.
The phantom barely misses you.
The searing ray hits the phantom!
The phantom is severely damaged.
You finish channelling your searing ray.
The worm bites you.
The phantom hits you but does no damage.
Unknown command.
As you read the scroll labelled NIMOIVVUWN, it crumbles to dust.
You hear a loud clanging noise!
It was a scroll of noise.
You hear a shout! x2
The phantom closely misses you.
As you read the scroll labelled POULIRH ODENA, it crumbles to dust.
It is a scroll of amnesia.
Really abort (and waste the scroll)?
Okay, then.
The worm closely misses you.
The phantom hits you but does no damage.
As you read the scroll labelled WEPREAMOUS, it crumbles to dust.
A profound silence engulfs you.
It was a scroll of silence.
The worm bites you!
* * * LOW HITPOINT WARNING * * *
The phantom hits you!
You die...

,*,,,,,,,*,,,,,,,* *,*,*,*,*,,,,*
,*,,,,,,,,,......###.#.#,*,**,,,*
,*,,,,,,,#.,?..........#,*,**,,,,
,*,,,,***#.##....."....#,*,**,,,,
,*,,,,,,,#..............,,,,,,,,,
,,,,,,,,,,,............#...,,,,,,
,***,,,,,,,,#..........##..,.....
,***,,,,,,,,#...W......##..,,....
,,,*,,,,,,,,*#.w@#,,,#.##.#**#...
,,,*,,,,,,,,*#...#,,,#.##.# #.#.
,,,,,,,,,,,,*#...#,,,#.##.####...
***,,,,,,...##...#####.##........
,,,,,,,,,..............#.........
,,,,,,,,,#'###########.##........
,,,*,***,,,,,,*###.....##.####.#.
,,,*,* *,,,,,,,..................
,,,,,* *,,,,,,,###..##.#....##.#.


You could see a phantom and a worm.

Vanquished Creatures
  A dart slug (D:1)
  4 ball pythons (D:1)
  A giant cockroach (D:1)
  6 goblins
  6 hobgoblins
  A quokka (D:1)
  5 bats
  3 frilled lizards
  6 kobolds
  6 rats
39 creatures vanquished.

Notes
Turn   | Place    | Note
-------+----------+-------------------------------------------
     0 | D:1      | experimilk the Draconian Conjurer began the quest for the
                  | Orb.
     0 | D:1      | Reached XP level 1. HP: 14/14 MP: 3/3
   269 | D:1      | Reached XP level 2. HP: 20/20 MP: 1/5
   539 | D:1      | Learned a level 2 spell: Searing Ray
   688 | D:1      | Found a faded altar of an unknown god.
   854 | D:1      | Reached skill level 5 in Conjurations
   987 | D:1      | Reached XP level 3. HP: 26/26 MP: 4/6
  1710 | D:2      | Noticed a phantom
  1720 | D:2      | Slain by a phantom

Illustrated notes

Levels and vault maps discovered:
D:1:      arrival_zaba_pyramid, layout_basic, ebering_ecumenical_altar_hall,
          minmay_misc_feat_cross
D:2:      layout_basic, basic_altar, serial_shops, nicolae_lakefront_shop,
          uniq_terence

Skill      XL: |  1  2 |
---------------+-------+-----
Conjurations   | 5 |  5.2
Dodging        | |  1.7
Stealth        | |  1.7
Spellcasting   | |  2.0

Action                   || total
-------------------------++-------
Melee: Dagger            ||     2
 Cast: Magic Dart        ||    52
       Searing Ray       ||     9
  Use: Scroll            ||     4
       Potion            ||     1
Armor: Skin              ||     3
Dodge: Dodged            ||    10

Table legend: (Time is in decaauts)
 A = Elapsed time spent in this place.
 B = Non-inter-level travel time spent in this place.
 C = Inter-level travel time spent in this place.
 D = Time resting spent in this place.
 E = Time spent auto-exploring this place.
 F = Levels seen in this place.
 G = Mean time per level.
                   A        B        C        D        E       F      G
               +--------+--------+--------+--------+--------+-----+--------+
         Total |   1719 |   1690 |     29 |      0 |   1541 |   2 |  859.5 |
       Dungeon |   1719 |   1690 |     29 |      0 |   1541 |   2 |  859.5 |
               +--------+--------+--------+--------+--------+-----+--------+

Top non-repeatable levels by time:
     D:1: 1364 daAuts
     D:2: 354 daAuts
